PBL
HAMILTON CARDINALS @ YORK REVOLUTION
09/17/2047
 
TOP OF THE 1ST
Hamilton Cardinals batting - Pitching for York Revolution : LHP Cesar Andrade
Pitching: LHP Cesar Andrade
Batting: RHB Jonathan Winkler 0-0: Ball
1-0: Fly out, F9 (Flyball, 9, EV 85.6 MPH)
Batting: RHB Juan Carrillo 0-0: Ball
1-0: Foul Ball, location: 2F
1-1: Foul Ball, location: 2F
1-2: Strikes out looking
Batting: RHB Mario Carbajal 0-0: Ball
1-0: Foul Ball, location: 2F
1-1: Called Strike
1-2: Strikes out swinging
Top of the 1st over - 0 runs, 0 hits, 0 errors, 0 left on base; Hamilton 0 - York 0
BOTTOM OF THE 1ST
York Revolution batting - Pitching for Hamilton Cardinals : LHP Matt Rossiter
Pitching: LHP Matt Rossiter
Batting: RHB Tony Perez 0-0: Ground out 4-3 (Groundball, 4, EV 84.4 MPH)
Batting: RHB Juan Valadez 0-0: Ball
1-0: SINGLE (Groundball, 56D, EV 98.1 MPH)
Batting: RHB Chris Myers 0-0: Foul Ball, location: 2F
0-1: Ball
1-1: Ball
2-1: Foul Ball, location: 2F
2-2: Foul Ball, location: 2F
2-2: SINGLE (Flyball, 8RS, EV 90.0 MPH)
Juan Valadez to second
Batting: RHB Trent Hedrick 0-0: SINGLE (Line Drive, 9LS, EV 93.1 MPH)
Juan Valadez to third
Chris Myers to second
Runner from 3rd tries for Home, SAFE, throw by RF to home
Batting: RHB Simon Mergeni 0-0: Ball
1-0: Ball
2-0: Ball
3-0: Called Strike
3-1: Called Strike
3-2: SINGLE (Line Drive, 8RS, EV 92.5 MPH)
Chris Myers to third
Trent Hedrick to second
Runner from 3rd tries for Home, SAFE, throw by CF to home
Batting: SHB Steve DeRienzo 0-0: Ball
1-0: Called Strike
1-1: Fly out, F9 (Flyball, 9, EV 88.8 MPH)
Batting: RHB Ivan Barrientos 0-0: Ball
1-0: Ball
2-0: Ball
3-0: Called Strike
3-1: Foul Ball, location: 2F
3-2: Base on Balls
Trent Hedrick to third
Simon Mergeni to second
Batting: LHB Travis Hahn 0-0: Called Strike
0-1: Reached on error, E6 (Groundball, 6, EV 93.1 MPH)
Trent Hedrick scores
Simon Mergeni to third
Ivan Barrientos to second
Batting: RHB Alexis Graciani 0-0: Ball
1-0: Ground out 4-3 (Groundball, 34, EV 108.8 MPH)
Bottom of the 1st over - 3 runs, 4 hits, 1 error, 3 left on base; Hamilton 0 - York 3
TOP OF THE 2ND
Hamilton Cardinals batting - Pitching for York Revolution : LHP Cesar Andrade
Batting: RHB Pablo Nunez 0-0: Called Strike
0-1: Called Strike
0-2: Ball
1-2: Strikes out swinging
Batting: LHB Rafael Banda 0-0: Called Strike
0-1: Foul Ball, location: 2F
0-2: Strikes out looking
Batting: RHB Shou-feng Chang 0-0: Ground out 6-3 (Groundball, 56, EV 103.1 MPH)
Top of the 2nd over - 0 runs, 0 hits, 0 errors, 0 left on base; Hamilton 0 - York 3
BOTTOM OF THE 2ND
York Revolution batting - Pitching for Hamilton Cardinals : LHP Matt Rossiter
Batting: RHB Tony Perez 0-0: Ball
1-0: Foul Ball, location: 2F
1-1: Foul Ball, location: 2F
1-2: Strikes out swinging
Batting: RHB Juan Valadez 0-0: Ball
1-0: Ball
2-0: Fly out, F7 (Line Drive, 7S, EV 95.0 MPH)
Batting: RHB Chris Myers 0-0: Ball
1-0: Called Strike
1-1: Foul Ball, location: 2F
1-2: Fly out, F3 (Popup, 3F, EV 76.9 MPH)
Bottom of the 2nd over - 0 runs, 0 hits, 0 errors, 0 left on base; Hamilton 0 - York 3
TOP OF THE 3RD
Hamilton Cardinals batting - Pitching for York Revolution : LHP Cesar Andrade
Batting: LHB Pete Mitchell 0-0: Ball
1-0: Ball
2-0: Foul Ball, location: 2F
2-1: Ball
3-1: Base on Balls
Batting: RHB David Snyder 0-0: Ball
1-0: Ball
2-0: Grounds into double play, 6-4-3 (Groundball, 6, EV 90.6 MPH)
Batting: SHB J.T. Ready 0-0: Ball
1-0: SINGLE (Line Drive, 8RS, EV 86.9 MPH)
Batting: RHB Jonathan Winkler 0-0: Called Strike
0-1: Ball
1-1: Called Strike
1-2: Strikes out swinging
Top of the 3rd over - 0 runs, 1 hit, 0 errors, 1 left on base; Hamilton 0 - York 3
BOTTOM OF THE 3RD
York Revolution batting - Pitching for Hamilton Cardinals : LHP Matt Rossiter
Batting: RHB Trent Hedrick 0-0: Ball
1-0: Swinging Strike
1-1: Swinging Strike
1-2: Ball
2-2: Ground out U3 (Groundball, 34S, EV 81.2 MPH)
Batting: RHB Simon Mergeni 0-0: Ball
1-0: Ball
2-0: Foul Ball, location: 2F
2-1: Called Strike
2-2: Foul Ball, location: 2F
2-2: Foul Ball, location: 2F
2-2: Foul Ball, location: 2F
2-2: Foul Ball, location: 2F
2-2: Ball
3-2: Foul Ball, location: 2F
3-2: Fly out, F8 (Flyball, 8RXD, EV 96.9 MPH)
Batting: SHB Steve DeRienzo 0-0: Foul Ball, location: 2F
0-1: Called Strike
0-2: Ball
1-2: Ball
2-2: Ball
3-2: Base on Balls
Batting: RHB Ivan Barrientos 0-0: Ball
1-0: Fly out, F7 (Flyball, 7LSF, EV 95.6 MPH)
Bottom of the 3rd over - 0 runs, 0 hits, 0 errors, 1 left on base; Hamilton 0 - York 3
TOP OF THE 4TH
Hamilton Cardinals batting - Pitching for York Revolution : LHP Cesar Andrade
Batting: RHB Juan Carrillo 0-0: Bunted foul
0-1: SINGLE (Line Drive, 9S, EV 108.8 MPH)
Batting: RHB Mario Carbajal 0-0: Foul Ball, location: 2F
0-1: Ball
1-1: Foul Ball, location: 2F
1-2: Strikes out looking
Batting: RHB Pablo Nunez 0-0: Called Strike
0-1: Ball
Juan Carrillo steals 2nd base (no throw)
1-1: Called Strike
1-2: Hit by Pitch
Batting: LHB Rafael Banda 0-0: Ball
1-0: Ball
2-0: Called Strike
2-1: Grounds into double play, 6-4-3 (Groundball, 6M, EV 92.5 MPH)
Top of the 4th over - 0 runs, 1 hit, 0 errors, 1 left on base; Hamilton 0 - York 3
BOTTOM OF THE 4TH
York Revolution batting - Pitching for Hamilton Cardinals : LHP Matt Rossiter
Batting: LHB Travis Hahn 0-0: Called Strike
0-1: Ball
1-1: Foul Ball, location: 2F
1-2: Foul Ball, location: 2F
1-2: Fly out, F8 (Line Drive, 78S, EV 88.1 MPH)
Batting: RHB Alexis Graciani 0-0: SINGLE (Line Drive, 8RS, EV 95.0 MPH)
Batting: RHB Tony Perez 0-0: Ball
1-0: Swinging Strike
1-1: Foul Ball, location: 2F
1-2: Ball
2-2: Ball
3-2: Foul Ball, location: 2F
3-2: Foul Ball, location: 2F
3-2: Fielders Choice at 2nd, 1-4 (Groundball, 15S, EV 72.5 MPH)
Pitching: RHP Adam Kelly
Batting: RHB Juan Valadez 0-0: Called Strike
Tony Perez is caught stealing 2nd base 2-4
Bottom of the 4th over - 0 runs, 1 hit, 0 errors, 0 left on base; Hamilton 0 - York 3
TOP OF THE 5TH
Hamilton Cardinals batting - Pitching for York Revolution : LHP Cesar Andrade
Batting: RHB Shou-feng Chang 0-0: Ball
1-0: SINGLE (Line Drive, 4MD, EV 96.9 MPH)
Batting: LHB Pete Mitchell 0-0: Fly out, F8 (Flyball, 8RXD, EV 97.5 MPH)
Batting: RHB David Snyder 0-0: Called Strike
0-1: Swinging Strike
0-2: Strikes out swinging
Batting: SHB J.T. Ready 0-0: Called Strike
0-1: Foul Ball, location: 2F
0-2: Ball
1-2: Ball
2-2: Strikes out swinging
Top of the 5th over - 0 runs, 1 hit, 0 errors, 1 left on base; Hamilton 0 - York 3
BOTTOM OF THE 5TH
York Revolution batting - Pitching for Hamilton Cardinals : RHP Adam Kelly
Batting: RHB Juan Valadez 0-0: Ball
1-0: Called Strike
1-1: Fly out, F8 (Flyball, 8RD, EV 103.8 MPH)
Batting: RHB Chris Myers 0-0: Ball
1-0: Ground out 6-3 (Groundball, 6S, EV 84.4 MPH)
Batting: RHB Trent Hedrick 0-0: Ball
1-0: Foul Ball, location: 2F
1-1: Ball
2-1: Ball
3-1: Foul Ball, location: 2F
3-2: Foul Ball, location: 2F
3-2: Base on Balls
Batting: RHB Simon Mergeni 0-0: Ball
1-0: Ball
2-0: Called Strike
2-1: Ball
3-1: Swinging Strike
3-2: Ground out 1-3 (Groundball, 34S, EV 71.2 MPH)
Bottom of the 5th over - 0 runs, 0 hits, 0 errors, 1 left on base; Hamilton 0 - York 3
TOP OF THE 6TH
Hamilton Cardinals batting - Pitching for York Revolution : LHP Cesar Andrade
Batting: RHB Jonathan Winkler 0-0: Ball
1-0: Foul Ball, location: 2F
1-1: Ball
2-1: Ball
3-1: Base on Balls
Batting: RHB Juan Carrillo 0-0: SINGLE (Line Drive, 4MD, EV 102.5 MPH)
Jonathan Winkler to second
Batting: RHB Mario Carbajal 0-0: Ball
1-0: Called Strike
1-1: Foul Ball, location: 2F
1-2: Foul Ball, location: 2F
1-2: Foul Ball, location: 2F
1-2: Ball
2-2: Fielders Choice at 2nd, 3-6 (Groundball, 3, EV 76.2 MPH)
Jonathan Winkler to third
Batting: RHB Pablo Nunez 0-0: Ball
Mario Carbajal is caught stealing 2nd base 2-4
1-0: Called Strike
1-1: Called Strike
1-2: Ball
2-2: Foul Ball, location: 2F
2-2: SINGLE (Line Drive, 89S, EV 100.6 MPH)
Jonathan Winkler scores
Batting: LHB Rafael Banda 0-0: Called Strike
0-1: Ground out 4-3 (Groundball, 34, EV 78.1 MPH)
Top of the 6th over - 1 run, 2 hits, 0 errors, 1 left on base; Hamilton 1 - York 3
BOTTOM OF THE 6TH
York Revolution batting - Pitching for Hamilton Cardinals : RHP Adam Kelly
Batting: SHB Steve DeRienzo 0-0: Ball
1-0: Foul Ball, location: 2F
1-1: Called Strike
1-2: Ball
2-2: Ball
3-2: Foul Ball, location: 2F
3-2: Ground out 4-3 (Groundball, 4, EV 90.6 MPH)
Batting: RHB Ivan Barrientos 0-0: Foul Ball, location: 2F
0-1: Ground out 1-3 (Groundball, 34S, EV 68.1 MPH)
Batting: LHB Travis Hahn 0-0: Ball
1-0: Fly out, F6 (Line Drive, 6, EV 70.0 MPH)
Bottom of the 6th over - 0 runs, 0 hits, 0 errors, 0 left on base; Hamilton 1 - York 3
TOP OF THE 7TH
Hamilton Cardinals batting - Pitching for York Revolution : LHP Cesar Andrade
Batting: RHB Shou-feng Chang 0-0: Fly out, F9 (Flyball, 9LSF, EV 82.5 MPH)
Batting: LHB Pete Mitchell 0-0: Ball
1-0: Swinging Strike
1-1: Foul Ball, location: 2F
1-2: Ball
2-2: Foul Ball, location: 2F
2-2: Ball
3-2: Foul Ball, location: 2F
3-2: Base on Balls
Pitching: LHP Ray Paul
Batting: RHB David Snyder 0-0: Called Strike
0-1: Ball
1-1: Ball
2-1: Swinging Strike
2-2: Strikes out swinging
Batting: SHB J.T. Ready 0-0: Ball
1-0: Ball
2-0: Ball
3-0: Called Strike
3-1: Called Strike
3-2: Strikes out looking
Top of the 7th over - 0 runs, 0 hits, 0 errors, 1 left on base; Hamilton 1 - York 3
BOTTOM OF THE 7TH
York Revolution batting - Pitching for Hamilton Cardinals : RHP Adam Kelly
Batting: RHB Alexis Graciani 0-0: Ground out 5-3 (Groundball, 56S, EV 94.4 MPH)
Batting: RHB Tony Perez 0-0: Ball
1-0: Called Strike
1-1: Foul Ball, location: 2F
1-2: Ball
2-2: Ball
3-2: Foul Ball, location: 2F
3-2: Base on Balls
Batting: RHB Juan Valadez 0-0: Ball
1-0: Ball
2-0: Ball
3-0: Called Strike
3-1: Called Strike
3-2: Fielders Choice at 2nd, 4-6 (Groundball, 4M, EV 99.4 MPH)
Batting: RHB Chris Myers 0-0: SINGLE (Groundball, 56D, EV 100.6 MPH)
Juan Valadez to second
Batting: RHB Trent Hedrick 0-0: Ball
1-0: SINGLE (Line Drive, 78S, EV 95.6 MPH)
Juan Valadez to third
Chris Myers to second
Runner from 3rd tries for Home, throw by CF and OUT! 8-2
Bottom of the 7th over - 0 runs, 2 hits, 0 errors, 2 left on base; Hamilton 1 - York 3
TOP OF THE 8TH
Hamilton Cardinals batting - Pitching for York Revolution : LHP Ray Paul
Batting: RHB Jonathan Winkler 0-0: Ball
1-0: Called Strike
1-1: Swinging Strike
1-2: Foul Ball, location: 2F
1-2: Strikes out swinging
Batting: RHB Juan Carrillo 0-0: Called Strike
0-1: Ground out 2-3 (Groundball, 2R, EV 75.6 MPH)
Batting: RHB Mario Carbajal 0-0: Foul Ball, location: 2F
0-1: Ball
1-1: Foul Ball, location: 2F
1-2: Foul Ball, location: 2F
1-2: DOUBLE (Groundball, 5L, EV 103.8 MPH)
Batting: RHB Pablo Nunez Balk!
Mario Carbajal to third
0-0: Ball
1-0: Called Strike
1-1: Swinging Strike
1-2: Ball
2-2: Strikes out looking
Top of the 8th over - 0 runs, 1 hit, 0 errors, 1 left on base; Hamilton 1 - York 3
BOTTOM OF THE 8TH
York Revolution batting - Pitching for Hamilton Cardinals : RHP Adam Kelly
Batting: RHB Simon Mergeni 0-0: Ball
1-0: Called Strike
1-1: Foul Ball, location: 2F
1-2: Ball
2-2: Ball
3-2: Base on Balls
Pitching: RHP Jung-joon Chon
Batting: SHB Steve DeRienzo 0-0: Ball
Simon Mergeni is caught stealing 2nd base 2-6
1-0: Ball
2-0: Ball
3-0: Base on Balls
Batting: RHB Ivan Barrientos 0-0: SINGLE (Line Drive, 78S, EV 98.1 MPH)
Steve DeRienzo to second
Batting: LHB Travis Hahn 0-0: Ball
1-0: Foul Ball, location: 2F
1-1: Foul Ball, location: 2F
1-2: Strikes out swinging
Pinch Hitting: LHB Matt Urbanek 0-0: Ball
1-0: Ball
2-0: Called Strike
2-1: Swinging Strike
2-2: Foul Ball, location: 2F
2-2: Ball
3-2: Ground out 6-3 (Groundball, 6S, EV 87.5 MPH)
Bottom of the 8th over - 0 runs, 1 hit, 0 errors, 2 left on base; Hamilton 1 - York 3
TOP OF THE 9TH
Hamilton Cardinals batting - Pitching for York Revolution : LHP Ray Paul
Pitching: RHP Bobby Acevedo
Now at 1B: Joel Gomez
Batting: LHB Rafael Banda 0-0: Ball
1-0: Fly out, F8 (Flyball, 8LM, EV 96.2 MPH)
Pinch Hitting: LHB Mike East 0-0: Called Strike
0-1: SINGLE (Line Drive, 89S, EV 95.6 MPH)
Pinch Hitting: RHB Joey Black 0-0: Ball
1-0: Called Strike
1-1: Foul Ball, location: 2F
1-2: Ball
2-2: Foul Ball, location: 2F
2-2: Ground out 4-3 (Groundball, 34, EV 101.2 MPH)
Mike East to second
Pinch Hitting: RHB Diego Herrera 0-0: Ground out 5-3 (Groundball, 56, EV 85.6 MPH)
Top of the 9th over - 0 runs, 1 hit, 0 errors, 1 left on base; Hamilton 1 - York 3
Thursday, December 15th , 2022 - OOTP Baseball 23.9 Build 102